 Dungeon Crawl Stone Soup version 0.14.0-17-gc0b17a5 (webtiles) character file.

528980 HungrySpirit the Ninja (level 27, -14/201 (205) HPs)
             Began as a Halfling Berserker on Apr 17, 2014.
             Was a High Priest of Trog.
             Demolished by the royal jelly (20 damage)
             ... while paralysed by a giant eyeball
             ... on Level 6 of the Pits of Slime on Apr 18, 2014.
             The game lasted 05:34:43 (94964 turns).

HungrySpirit the Ninja (Halfling Berserker)        Turns: 94964, Time: 05:34:43

HP -14/201 (205) AC 12     Str 21      XL: 27
MP  22/23        EV  3     Int 11      God: Trog [*****.]
Gold 2851        SH  0     Dex 31      Spells:  0 memorised, 26 levels left

rFire  . . .     SeeInvis .     i - +9,+7 quick blade (elec)
rCold  + + .     Clarity  .     a - +2 robe {rC+}
rNeg   + . .     Conserve +     z - +0 shield "Ehoxilue" {Int+1 Dam+5}
rPois  +         rCorr    +     k - +2 helmet {Int+3}
rElec  +         rRot     .     B - +1 cloak {rCorr, Cons}
SustAb . .       Spirit   .     W - -1 pair of gloves "Ciusche" {rPois MR++ Acc+2 Dam+5 Stlth++}
rMut   .         Warding  .     u - +2 pair of boots
Saprov . . .     Stasis   .     m - amulet of resist corrosion
MR     +++++                    N - ring of the Echidna {Wiz +Rage rElec rN+ Str+2 Acc+3}
                                S - ring "Utiopop" {rC+ Dex+2}

@: paralysed, regenerating, mighty, very slightly contaminated, hasted, almost
entirely resistant to hostile enchantments, uncannily stealthy
A: mutation resistance 1, slow metabolism 1
a: Burn Spellbooks, Berserk, Trog's Hand, Brothers in Arms, Renounce Religion,
Evoke Berserk Rage
}: 2/15 runes: decaying, serpentine


You were on level 6 of the Pits of Slime.
You worshipped Trog.
Trog was extremely pleased with you.
You were not hungry.

You visited 10 branches of the dungeon, and saw 60 of its levels.
You visited the Abyss 3 times.
You also visited: Trove, Ice Cave and Volcano.

You collected 8167 gold pieces.
You spent 5316 gold pieces at shops.

Inventory:

Hand weapons
 i - a +9,+7 quick blade of electrocution (weapon)
Armour
 a - a +2 robe of cold resistance (worn)
 k - a +2 helmet of intelligence (worn)
 s - the +0 cloak of the Beginning {rF++ Str+3}
   (You acquired it on level 2 of the Elven Halls)

   It affects your strength (+3).
   It greatly protects you from fire.
 u - a +2 pair of boots (worn)
 z - the +0 shield "Ehoxilue" (worn) {Int+1 Dam+5}
   (You took it off Wiglaf on level 3 of the Elven Halls)

   It affects your intelligence (+1).
   It affects your damage with ranged weapons and melee attacks (+5).
 B - a +1 cloak of preservation (worn)
 W - the -1 pair of gloves "Ciusche" (worn) {rPois MR++ Acc+2 Dam+5 Stlth++}
   (You found it on level 3 of the Elven Halls)

   It affects your accuracy with ranged weapons and melee attacks (+2).
   It affects your damage with ranged weapons and melee attacks (+5).
   It protects you from poison.
   It affects your resistance to hostile enchantments.
   It makes you much more stealthy.
Magical devices
 b - a wand of heal wounds (9)
 j - a wand of digging (8)
 w - a wand of teleportation (9)
 H - a wand of invisibility (2)
Comestibles
 c - 8 bread rations
Scrolls
 d - 3 scrolls of summoning
 f - 6 scrolls of fog
 n - 6 scrolls of teleportation
 v - 3 scrolls of remove curse
 A - 3 scrolls of silence
 D - 2 scrolls of identify
 G - 2 scrolls of enchant armour
 O - a scroll of blinking
Jewellery
 e - a cursed ring of sustain abilities
 l - a cursed amulet of resist mutation
 m - an amulet of resist corrosion (around neck)
 p - a cursed ring of protection from fire
 y - an uncursed ring of see invisible
 I - the amulet "Nuixzir" {Ward rElec rF++ rN+ SInv}
   (You bought it in a shop on level 2 of the Elven Halls)

   [amulet of warding]

   It greatly protects you from fire.
   It insulates you from electricity.
   It protects you from negative energy.
   It enhances your eyesight.
 N - the ring of the Echidna (right hand) {Wiz +Rage rElec rN+ Str+2 Acc+3}
   (You bought it in a shop on level 2 of the Elven Halls)

   [ring of wizardry]

   It affects your strength (+2).
   It affects your accuracy with ranged weapons and melee attacks (+3).
   It insulates you from electricity.
   It protects you from negative energy.
   It lets you go berserk.
 S - the ring "Utiopop" (left hand) {rC+ Dex+2}
   (You took it off a deep elf annihilator on level 3 of the Elven Halls)

   [ring of protection from cold]

   It affects your dexterity (+2).
Potions
 g - 17 potions of curing
 o - 9 potions of might
 q - 6 potions of restore abilities
 t - 6 potions of agility
 C - 3 potions of magic
 E - a potion of brilliance
 F - 3 potions of resistance
 J - 4 potions of invisibility
 L - 5 potions of haste
 M - 10 potions of heal wounds


   Skills:
 * Level 21.1 Fighting
 - Level 23.0 Short Blades
 - Level 1.5 Armour
 + Level 25.1 Dodging
 O Level 27 Stealth
 * Level 14.2 Shields


You had 26 spell levels left.
You didn't know any spells.

Dungeon Overview and Level Annotations

Branches:
Dungeon (15/15)            Temple (0/1) D:6             Orc (4/4) D:12
    Elf (3/3) Orc:4          Lair (8/8) D:11          Swamp (5/5) Lair:5
  Snake (5/5) Lair:5        Slime (6/6) Lair:7       Vaults (4/5) D:14
  Blade (0/1) Vaults:3      Crypt (5/5) Vaults:2       Tomb (0/3) Crypt:2
 Depths (5/5) D:15
    Zot: Depths:5

Altars:
Cheibriados
Dithmenos
Fedhas
Kikubaaqudgha
Makhleb
Sif Muna
Vehumet
Xom
Yredelemnul
Zin
The Shining One
Beogh
Jiyva

Shops:
D:4 =   D:14 :   D:15 (   Orc:2 !   Orc:4 ?*?*   Elf:2 =   Vaults:1 !
Vaults:2 =   Vaults:3 (   Depths:3 (   Depths:4 :!

Portals:
Hell: Depths:2 Depths:3 Depths:4
Abyss: Depths:3 Depths:4
Pandemonium: Depths:2 Depths:3

Annotations:
D:3 Elizilla's ghost, average FoFi
Lair:8 exclusion: door
Slime:6 exclusion: upstairs, Royal Jelly
Depths:1 1 exclusion
Depths:3 exclusion: 2 doors


Innate Abilities, Weirdness & Mutations

You are small and have problems with some larger weapons.
You are somewhat resistant to further mutation.
You have a slow metabolism.


Message History

Trog accepts your kill. The giant eyeball stares at you.
You suddenly lose the ability to move!
The royal jelly hits you!
* * * LOW HITPOINT WARNING * * *
You are splashed with acid!
The acid corrodes your +2 cloak of preservation!
The acid burns!
You resist.
* * * LOW HITPOINT WARNING * * *
The royal jelly hits you but does no damage.
The royal jelly hits you.
* * * LOW HITPOINT WARNING * * *
You are splashed with acid!
The acid burns!
You resist.
* * * LOW HITPOINT WARNING * * *
The royal jelly hits you but does no damage.
The royal jelly hits you!
* * * LOW HITPOINT WARNING * * *
You are splashed with acid!
The acid burns!
You resist.
* * * LOW HITPOINT WARNING * * *
The royal jelly hits you!
You die...

.................................
.................................
.................................
.................................
...........#####.####............
..........## #..# ##...........
.J.......## #.## ##..........
........## #..# ##.........
.......## ##@# ##........
.......# #J.# #........ .......#
#G## #........ .......# #.
#####........ .......# ..
#...#........ .........# #._
#.......... .......### ##.
###........ .......# #. #........
.......# . #........


You could see the royal jelly and a giant eyeball.

Vanquished Creatures
  Saint Roka (Crypt:4)
  Sojobo (Depths:3)
  A golden dragon (Depths:2)
  A profane servitor (Crypt:5)
  Jory (Crypt:5)
  Nikola (Snake:3)
  2 bone dragons
  5 liches
  5 tentacled monstrosities
  Vashnia (Snake:3)
  A deep elf master archer (Elf:3)
  2 deep elf blademasters (Elf:3)
  2 titans
  9 acid blobs
  3 thorn hunters (Swamp:5)
  2 storm dragons
  4 sphinxes
  A shadow dragon (Depths:4)
  The ghost of xvga the Fencer, a mighty FoFi of Okawaru (Elf:3)
  5 tengu reavers
  10 ancient champions
  A revenant (Crypt:5)
  5 azure jellies
  4 greater nagas (Snake:5)
  11 deep elf sorcerers
  A balrug (Abyss:3)
  4 ghouls
  Donald (Elf:2)
  2 iron dragons (Depths:2)
  Wiglaf (Elf:3)
  7 fire giants
  11 vault wardens
  Aizul (Snake:4)
  2 emperor scorpions (Depths:2)
  8 frost giants
  3 spriggan defenders (Depths:2)
  17 stone giants
  2 reapers
  7 vampire knights
  6 deep elf demonologists
  The ghost of Bloax the Martial Artist, a powerful TeTm of Cheibriados (Swamp:5)
  A war gargoyle (Vaults:3)
  A draconian caller (Abyss:3)
  9 rakshasas
  5 dire elephants
  3 curse skulls
  10 deep elf annihilators
  6 eidola
  11 ettins
  Snorg (Swamp:2)
  An unborn (Crypt:5)
  A mummy priest (Elf:3)
  10 vault guards
  8 deep elf death magi
  A merfolk javelineer (Depths:4)
  2 crystal guardians
  A death ooze (Slime:6)
  9 yaktaur captains
  6 fire dragons
  2 death cobs (Crypt:5)
  4 deep elf high priests (Elf:3)
  5 minotaurs (Depths:2)
  2 ironheart preservers
  28 jiangshi
  Fannar (D:13)
  A quicksilver dragon skeleton (Crypt:1)
  Harold (Lair:2)
  15 naga warriors
  A shambling mangrove (Swamp:4)
  22 hydras
  7 great orbs of eyes
  5 ice dragons
  2 ravenous feature mimics
  3 spectral elves
  4 dancing weapons (Vaults:3)
  9 anacondas
  Erica (D:13)
  A ravenous item mimic (Elf:3)
  8 alligators
  9 deep troll earth magi
  8 ogre magi
  30 death yaks
  2 tengu warriors (Depths:2)
  3 spriggan berserkers
  A spectral frost giant (Crypt:3)
  9 vampire magi
  3 deep dwarf death knights (Crypt:5)
  6 deep troll shamans
  A thrashing horror (Abyss:2)
  3 plague shamblers
  20 naga sharpshooters
  A hell hog (Abyss:2)
  9 centaur warriors
  4 shock serpents
  3 orc high priests
  Erolcha (Orc:4)
  15 very ugly things
  A soul eater (Crypt:4)
  A wretched star (Abyss:2)
  4 iron trolls
  13 shadow wraiths
  A salamander mystic (Snake:5)
  A hell knight (Crypt:5)
  35 skeletal warriors
  18 deep elf knights
  A quicksilver dragon simulacrum (Crypt:5)
  The ghost of hunterx7d the Slasher, an experienced DsAK of Lugonu (D:8)
  13 large abominations
  2 storm dragon skeletons
  19 deep trolls
  A giant orange brain (D:15)
  A fire crab (Vaults:4)
  2 sea snakes (shapeshifter)
  9 flayed ghosts
  A ghost moth zombie (Crypt:2)
  9 naga ritualists
  A shadow dragon zombie (Crypt:3)
  4 harpies (Vaults:3)
  2 spriggan druids (Swamp:5)
  8 swamp dragons
  6 unseen horrors
  4 hill giants
  A harpy (shapeshifter) (Vaults:3)
  9 necromancers
  14 deep elf summoners
  10 ironbrand convokers
  An anaconda skeleton (Crypt:3)
  4 flaming corpses
  3 wizards
  9 phantasmal warriors
  A wolf spider zombie (Crypt:4)
  11 orc knights
  13 mana vipers
  A wolf spider (shapeshifter) (Elf:3)
  A mana viper (shapeshifter) (Depths:4)
  7 wolf spiders
  A very ugly thing zombie (Crypt:3)
  2 fire giant zombies (Crypt:3)
  6 salamanders
  5 griffons
  A manticore (D:13)
  A moth of wrath (shapeshifter) (Vaults:4)
  12 deep elf conjurers
  4 orc sorcerers
  5 cyclopes
  4 red wasps
  A stone giant zombie (Vaults:3)
  2 shining eyes
  A human zombie (Vaults:3)
  A sixfirhy (Abyss:1)
  A draconian (shapeshifter) (Vaults:2)
  3 oklob plants (Lair:7)
  A shock serpent zombie (Crypt:1)
  A stone giant skeleton (Crypt:2)
  A worldbinder (Abyss:2)
  37 black mambas
  2 fire giant skeletons
  An elephant (shapeshifter) (Elf:1)
  17 spiny frogs
  3 frost giant skeletons
  25 naga magi
  A guardian serpent (shapeshifter) (Elf:2)
  An eye of devastation (Slime:5)
  3 elephants (Lair:8)
  6 vault sentinels
  3 guardian serpents
  A titan simulacrum (Crypt:3)
  2 smoke demons
  A tengu conjurer (Depths:2)
  4 feature mimics
  73 yaktaurs
  A spriggan zombie (Depths:2)
  5 kobold demonologists
  An emperor scorpion zombie (Depths:2)
  An alligator snapping turtle skeleton (Crypt:2)
  A purple draconian skeleton (Crypt:2)
  11 deep elf priests
  7 trolls
  A white draconian skeleton (Crypt:2)
  3 fire drakes
  3 jumping spiders
  An elf (shapeshifter) (Elf:2)
  2 ancient zymes
  A guardian mummy (Crypt:2)
  A storm dragon simulacrum (Crypt:1)
  A yaktaur skeleton (Vaults:3)
  15 freezing wraiths
  19 two-headed ogres
  6 giant fireflies
  4 silent spectres
  An iron devil (Elf:3)
  7 komodo dragons
  Sonja (Orc:4)
  5 boggarts
  A moth of wrath zombie (Crypt:3)
  A baby alligator (Lair:5)
  8 boulder beetles
  6 raiju
  16 ravens
  80 slime creatures
  9 bog bodies
  10 giant leeches
  A baby alligator (shapeshifter) (Depths:3)
  A satyr zombie (Crypt:3)
  3 thorn lotuses
  14 blink frogs
  A tarantella (shapeshifter) (Depths:4)
  A sphinx simulacrum (Vaults:3)
  2 stone giant simulacra (Vaults:3)
  2 wandering mushrooms (Lair:2)
  A trapdoor spider (D:13)
  An air elemental (Abyss:1)
  10 brown oozes
  A fire giant simulacrum (Crypt:3)
  12 redbacks
  A frost giant simulacrum (Vaults:2)
  2 ice dragon skeletons
  5 ynoxinuls
  3 sharks
  16 wraiths
  A hog (D:8)
  50 yaks
  A fire dragon skeleton (Crypt:3)
  10 shadows
  5 tarantellas
  2 ettin skeletons
  62 flying skulls
  5 water elementals
  3 chaos spawn
  29 deep elf magi
  6 wyverns
  2 fire elementals (Elf:2)
  2 elephant slugs
  13 vampires
  Eustachio (D:8)
  A hill giant zombie (D:10)
  A black mamba skeleton (Crypt:1)
  A human (shapeshifter) (D:13)
  40 ugly things
  5 spriggans
  5 hungry ghosts
  3 neqoxecs
  33 deep elf fighters
  13 golden eyes
  26 swamp worms
  2 steam dragons
  A human (D:8)
  An ogre zombie (D:14)
  10 hippogriffs
  37 vampire mosquitoes
  57 nagas
  6 necrophages
  An infernal demonspawn zombie (Crypt:3)
  13 porcupines
  5 wargs
  3 human skeletons
  3 soldier ants
  16 small abominations
  3 mottled dragons
  34 water moccasins
  2 hell hounds (Elf:2)
  2 giant goldfish
  29 ogres
  2 sky beasts
  A spiny frog skeleton (Crypt:5)
  9 ice beasts
  A black mamba simulacrum (Crypt:3)
  A manticore zombie (Crypt:3)
  15 swamp drakes
  A blink frog skeleton (Crypt:2)
  39 centaurs
  A swamp dragon skeleton (Crypt:1)
  An elephant skeleton (Crypt:1)
  55 orc warriors
  16 crocodiles
  3 boring beetles
  5 giant slugs
  3 brain worms
  2 gnoll sergeants
  19 giant frogs
  4 scorpions
  2 wyvern skeletons
  15 insubstantial wisps
  14 wights
  13 killer bees
  A grizzly bear zombie (Crypt:4)
  A hippogriff zombie (Crypt:4)
  3 eyes of draining
  A warg skeleton (Crypt:3)
  A raiju skeleton (Crypt:4)
  9 crimson imps
  3 human simulacra
  2 centaur zombies
  A yaktaur simulacrum (Vaults:1)
  A giant frog skeleton (D:13)
  A giant frog zombie (D:7)
  6 jellies
  Crazy Yiuf (D:6)
  7 big fish
  31 orc priests
  31 orc wizards
  9 hounds
  2 iron imps (Abyss:2)
  A draconian simulacrum (IceCv)
  An elf skeleton (D:15)
  A porcupine zombie (Crypt:2)
  A black bear skeleton (Crypt:1)
  3 quasits
  12 iguanas
  4 orange rats
  31 sheep
  A brain worm zombie (Crypt:4)
  8 worker ants
  An ogre skeleton (D:4)
  2 hound skeletons
  14 mummies
  12 gnolls
  29 green rats
  42 adders
  2 shadow imps
  An inept feature mimic (D:8)
  4 giant mites
  2 white imps
  6 worms
  4 ufetubi (Abyss:2)
  A halfling skeleton (Crypt:3)
  An orc zombie (Elf:3)
  An adder skeleton (Crypt:3)
  9 giant eyeballs
  11 giant geckos
  4 oozes
  225 orcs
  A bat zombie (D:8)
  5 giant cockroaches
  15 hobgoblins
  11 quokkas
  7 ball pythons
  22 bats
  A giant cockroach zombie (Crypt:2)
  8 giant newts
  24 goblins
  A goblin skeleton (D:5)
  14 jackals
  A jackal zombie (Crypt:4)
  13 kobolds
  2 orc skeletons
  A quokka skeleton (Crypt:2)
  27 rats
  2 rat skeletons (Crypt:3)
  A fungus (Elf:1)
2740 creatures vanquished.

Vanquished Creatures (collateral kills)
  2 acid blobs (Slime:6)
  2 liches
  A tentacled starspawn (Abyss:3)
  A tengu reaver (Vaults:1)
  The ghost of inmateoo the Stickfighter, a powerful DsGl of Makhleb (Snake:1)
  A vault warden (Vaults:1)
  3 rakshasas (D:15)
  Azrael (Elf:2)
  2 deep elf annihilators (Vaults:4)
  A dire elephant (Depths:2)
  3 ironheart preservers
  A yaktaur captain (Vaults:3)
  A vault guard (Vaults:2)
  2 hydras
  An ogre mage (Vaults:3)
  2 very ugly things
  3 naga sharpshooters (Snake:3)
  A large abomination (Abyss:3)
  A swamp dragon (Swamp:5)
  A deep troll (Depths:1)
  3 orc knights
  3 harpies (Vaults:2)
  A shining eye (Slime:6)
  A mana viper (Snake:3)
  3 ironbrand convokers
  3 slime creatures
  A guardian serpent (Snake:3)
  A black mamba (Snake:3)
  2 human skeletons (Vaults:3)
  A spiny frog (shapeshifter) (D:15)
  An eye of devastation (shapeshifter) (D:15)
  3 naga magi
  Psyche (D:13)
  A yaktaur zombie (Vaults:3)
  5 yaktaurs
  A blue devil (Elf:3)
  A raiju (Abyss:2)
  A two-headed ogre (Vaults:3)
  A deep elf mage (Elf:1)
  An air elemental (Depths:3)
  A wyvern (D:13)
  A shadow (Swamp:5)
  2 fire elementals (Elf:2)
  An elephant slug (Lair:7)
  A ynoxinul (Elf:3)
  A hungry ghost (Abyss:2)
  2 nagas
  A deep elf fighter (Elf:1)
  A swamp worm (Swamp:5)
  A porcupine (Lair:4)
  An ice beast (Elf:1)
  A water moccasin (Swamp:5)
  A small abomination (Abyss:1)
  5 hell hounds
  A swamp drake (Swamp:5)
  3 ogres
  A starcursed mass (Abyss:3)
  An orc wizard (Elf:1)
  2 ufetubi (Elf:3)
  An orc (Vaults:3)
  A starspawn tentacle (Abyss:3)
96 creatures vanquished.

Vanquished Creatures (others)
  Rupert (Lair:7)
  A tengu reaver (Vaults:2)
  A stone giant (Elf:3)
  An orc high priest (Elf:3)
  3 naga sharpshooters (Snake:5)
  An iron troll (Slime:6)
  A shadow wraith (Vaults:3)
  8 deep trolls
  A black mamba (Snake:3)
  A deep elf priest (Elf:1)
  3 trolls
  A boggart (Vaults:2)
  A giant leech (Swamp:1)
  2 two-headed ogres
  4 water elementals (Depths:1)
  A redback (Vaults:1)
  A deep elf mage (Elf:3)
  13 ogres
  A small abomination (Abyss:1)
  8 lost souls
  An orc wizard (Elf:3)
  An adder (Snake:3)
  An orc (Vaults:4)
  2 lurking horrors
  3 fungi (Lair:8)
  2 plants
  17 starspawn tentacles
  375 starspawn tentacle segments
456 creatures vanquished.

Grand Total: 3292 creatures vanquished

Notes
Turn   | Place    | Note
--------------------------------------------------------------
     0 | D:1      | HungrySpirit, the Halfling Berserker, began the quest for the Orb.
     0 | D:1      | Reached XP level 1. HP: 15/15 MP: 1/1
    76 | D:1      | Reached XP level 2. HP: 15/20 MP: 2/2
   278 | D:1      | Reached XP level 3. HP: 25/25 MP: 3/3
   280 | D:1      | Acquired Trog's second power
   379 | D:1      | Reached skill level 5 in Short Blades
   929 | D:2      | Reached XP level 4. HP: 30/30 MP: 4/4
  1494 | D:2      | Reached skill level 6 in Short Blades
  1494 | D:2      | Reached XP level 5. HP: 33/35 MP: 5/5
  1769 | D:2      | Found a snail-covered altar of Cheibriados.
  2582 | D:3      | Reached XP level 6. HP: 16/41 MP: 6/6
  2663 | D:3      | Noticed Elizilla's ghost (average FoFi)
  2789 | D:3      | Reached skill level 7 in Short Blades
  3115 | D:3      | Noticed a centaur
  3141 | D:3      | Killed a centaur
  3141 | D:3      | Reached skill level 5 in Dodging
  3359 | D:3      | Reached skill level 8 in Short Blades
  3507 | D:3      | Reached XP level 7. HP: 45/45 MP: 7/7
  3517 | D:3      | Acquired Trog's third power
  3530 | D:3      | Reached skill level 9 in Short Blades
  4154 | D:4      | Upgraded the game from 0.14.0-12-g87ee3b7 to 0.14.0-15-g6b16f67
  4332 | D:4      | Found a shadowy altar of Dithmenos.
  4422 | D:4      | Reached XP level 8. HP: 27/51 MP: 8/8
  4610 | D:4      | Found a deep blue altar of Sif Muna.
  4622 | D:4      | Reached skill level 10 in Short Blades
  5088 | D:4      | Found Khefann's Jewellery Emporium.
  5462 | D:5      | Entered Level 5 of the Dungeon
  5791 | D:5      | Reached skill level 11 in Short Blades
  6005 | D:5      | Found a burning altar of Makhleb.
  6387 | D:5      | Reached XP level 9. HP: 45/55 MP: 9/9
  6680 | D:6      | Found a shadowy altar of Dithmenos.
  6796 | D:6      | Found a glowing silver altar of Zin.
  6804 | D:6      | Found a staircase to the Ecumenical Temple.
  7055 | D:6      | Found a shimmering altar of Xom.
  7128 | D:6      | Noticed Crazy Yiuf
  7132 | D:6      | Killed Crazy Yiuf
  7132 | D:6      | Reached skill level 12 in Short Blades
  7385 | D:6      | Found an ancient bone altar of Kikubaaqudgha.
  7386 | D:6      | Found a blossoming altar of Fedhas.
  7411 | D:6      | Reached skill level 1 in Stealth
  7899 | D:7      | Received a gift from Trog
  8040 | D:7      | Reached skill level 13 in Short Blades
  8463 | D:7      | Found a glowing golden altar of the Shining One.
  8573 | D:8      | Noticed hunterx7d's ghost (experienced DsAK)
  8603 | D:8      | Killed hunterx7d's ghost
  8603 | D:8      | Reached skill level 5 in Stealth
  8603 | D:8      | Reached XP level 10. HP: 61/61 MP: 3/10
  8757 | D:8      | Noticed Eustachio
  8789 | D:8      | Killed Eustachio
  8789 | D:8      | Reached skill level 14 in Short Blades
  9205 | D:8      | Found a basalt altar of Yredelemnul.
  9518 | D:8      | Reached skill level 10 in Dodging
  9920 | D:9      | Received a gift from Trog
 10023 | D:9      | Reached XP level 11. HP: 60/70 MP: 3/11
 10220 | D:10     | Entered Level 10 of the Dungeon
 10317 | D:10     | Got a faintly glowing cloak
 10318 | D:10     | Identified the +4 cloak "Jopt" {Int-1 Acc+2} (You found it on level 10 of the Dungeon)
 10632 | D:10     | Reached skill level 5 in Fighting
 11614 | D:11     | You fall through a shaft!
 12279 | D:11     | Found a staircase to the Lair.
 12353 | D:11     | Identified a scroll of acquirement
 12430 | Lair:1   | Entered Level 1 of the Lair of Beasts
 12438 | Lair:1   | Received a gift from Trog
 12746 | Lair:1   | Reached skill level 10 in Stealth
 12954 | Lair:1   | Noticed a seven-headed hydra
 12958 | Lair:1   | Killed a seven-headed hydra
 12958 | Lair:1   | Reached XP level 12. HP: 79/82 MP: 4/12
 13795 | Lair:2   | Found a dark tunnel.
 13825 | Lair:2   | Noticed Harold
 13837 | Lair:2   | Killed Harold
 13905 | Volcano  | Entered a volcano
 13925 | Volcano  | Noticed a deep elf knight
 14448 | Lair:3   | Received a gift from Trog
 15583 | Lair:4   | Noticed a six-headed hydra
 15597 | Lair:4   | Killed a six-headed hydra
 15597 | Lair:4   | Reached skill level 15 in Short Blades
 16372 | Lair:4   | Received a gift from Trog
 16642 | Lair:4   | Reached XP level 13. HP: 90/90 MP: 4/13
 17458 | Lair:5   | Found a staircase to the Swamp.
 17523 | Lair:5   | Reached skill level 16 in Short Blades
 17775 | Lair:5   | Found a staircase to the Snake Pit.
 18347 | Lair:6   | Received a gift from Trog
 18561 | Lair:6   | Reached skill level 10 in Fighting
 18561 | Lair:6   | Reached skill level 17 in Short Blades
 19292 | Lair:7   | Noticed Rupert
 19300 | Lair:7   | Paralysed by Rupert for 2 turns
 19310 | Lair:7   | Killed Rupert
 19508 | Lair:7   | Received a gift from Trog
 19508 | Lair:7   | Reached XP level 14. HP: 90/99 MP: 4/14
 19512 | Lair:7   | Got a crystal dagger {god gift}
 19513 | Lair:7   | Identified the +7,+10 dagger of Phemn {stab, Str+2} (Trog gifted it to you on level 7 of the Lair of Beasts)
 20060 | Lair:8   | Entered Level 8 of the Lair of Beasts
 20499 | Lair:8   | Reached skill level 15 in Stealth
 21044 | Lair:8   | Found a burning altar of Makhleb.
 22598 | D:12     | Received a gift from Trog
 22754 | D:12     | Found a staircase to the Orcish Mines.
 22866 | D:12     | Killed an unseen horror
 23410 | Orc:1    | Entered Level 1 of the Orcish Mines
 23866 | Orc:2    | Received a gift from Trog
 23878 | Orc:2    | Got a brightly glowing short sword {god gift}
 23879 | Orc:2    | Identified the -1,+3 short sword of Urgency {venom, Stlth--} (Trog gifted it to you on level 2 of the Orcish Mines)
 23894 | Orc:2    | Found Schiacho's Distillery.
 24774 | Orc:3    | Received a gift from Trog
 24988 | Orc:4    | Entered Level 4 of the Orcish Mines
 25388 | Orc:4    | Found a staircase to the Elven Halls.
 25388 | Orc:4    | Noticed Erolcha
 26150 | Orc:4    | Received a gift from Trog
 26203 | Orc:4    | Killed Erolcha
 26377 | Orc:4    | Noticed Sonja
 26404 | Orc:4    | Killed Sonja
 26489 | Orc:4    | Reached XP level 15. HP: 85/103 MP: 5/15
 26595 | Orc:3    | Found a roughly hewn altar of Beogh.
 26835 | Orc:3    | Received a gift from Trog
 27218 | Orc:2    | Reached skill level 18 in Stealth
 27452 | Orc:2    | Found a roughly hewn altar of Beogh.
 27572 | Orc:1    | Received a gift from Trog
 27575 | Orc:1    | Found a radiant altar of Vehumet.
 28255 | Orc:4    | Found Ohajos' Magic Scroll Emporium.
 28255 | Orc:4    | Found Fegynk Ohas' General Store.
 28258 | Orc:4    | Found Qois' Magic Scroll Shop.
 28260 | Orc:4    | Found Raetel's Assorted Antiques.
 28264 | Orc:4    | Bought a bubbling white potion for 22 gold pieces
 28328 | Orc:4    | Bought a scroll of acquirement for 728 gold pieces
 28333 | Orc:4    | Got a faintly humming shield
 28340 | Orc:4    | Identified the +7 shield of the Grue {+Inv Int+4 Stlth++} (You acquired it on level 4 of the Orcish Mines)
 28351 | Orc:4    | Bought a scroll of enchant weapon II for 66 gold pieces
 28355 | Orc:4    | Bought a scroll of enchant weapon I for 49 gold pieces
 28360 | Orc:4    | Bought a scroll of enchant weapon II for 137 gold pieces
 28411 | D:13     | Noticed Erica
 28414 | D:13     | Killed Erica
 28414 | D:13     | Reached skill level 15 in Dodging
 29140 | D:13     | Reached skill level 19 in Stealth
 29462 | D:13     | Noticed Psyche
 29472 | D:13     | Cast into the Abyss (Psyche)
 29690 | Abyss:1  | Received a gift from Trog
 29705 | Abyss:1  | Noticed a lich
 29732 | Abyss:1  | Killed a lich
 30130 | Abyss:2  | Noticed a tentacled starspawn
 30140 | Abyss:2  | Noticed a tentacled starspawn
 30427 | Abyss:2  | Noticed a daeva
 30469 | Abyss:2  | Noticed a tentacled starspawn
 30617 | Abyss:2  | Reached skill level 20 in Stealth
 30716 | D:13     | Escaped the Abyss
 30750 | D:13     | Killed Psyche
 30948 | D:13     | Noticed Fannar
 30956 | D:13     | Killed Fannar
 31609 | D:14     | Found Calaw's Book Shop.
 31651 | D:14     | Found a gate to the Vaults.
 31758 | D:14     | Reached XP level 16. HP: 110/110 MP: 16/16
 32109 | D:15     | Entered Level 15 of the Dungeon
 32273 | D:15     | Found Wofathriag's Weapon Shop.
 32343 | D:15     | Received a gift from Trog
 32648 | D:15     | Found a staircase to the Depths.
 33370 | Snake:1  | Entered Level 1 of the Snake Pit
 33727 | Snake:1  | Noticed inmateoo's ghost (powerful DsGl)
 33742 | Snake:1  | Killed inmateoo's ghost
 36085 | Snake:3  | Noticed Vashnia
 36102 | Snake:3  | Reached XP level 17. HP: 87/121 MP: 17/17
 36128 | Snake:3  | Killed Vashnia
 37070 | Snake:3  | Received a gift from Trog
 37074 | Snake:3  | Got an iridescent short sword {god gift}
 37075 | Snake:3  | Identified the +4,+4 short sword of the Blessed Realm {slice, rF+} (Trog gifted it to you on level 3 of the Snake Pit)
 37373 | Snake:3  | Noticed Nikola
 37421 | Snake:3  | Killed Nikola
 38329 | Snake:4  | Noticed Aizul
 38802 | Snake:4  | Found a frozen archway.
 38808 | IceCv    | Entered an ice cave
 38954 | Snake:4  | Killed Aizul
 39154 | Snake:5  | Entered Level 5 of the Snake Pit
 39335 | Snake:5  | Received a gift from Trog
 41169 | Snake:5  | Reached XP level 18. HP: 107/131 MP: 18/18
 41201 | Snake:5  | Received a gift from Trog
 42434 | Snake:5  | Upgraded the game from 0.14.0-15-g6b16f67 to 0.14.0-17-gc0b17a5
 44148 | Snake:5  | Got a serpentine rune of Zot
 44461 | Snake:1  | Received a gift from Trog
 44832 | Vaults:1 | Entered Level 1 of the Vaults
 45221 | Vaults:1 | Reached skill level 15 in Fighting
 45819 | Vaults:1 | Found Lawkysai's Distillery.
 46593 | Vaults:1 | Reached skill level 21 in Dodging
 47053 | Vaults:2 | Reached XP level 19. HP: 99/139 MP: 18/18
 47336 | Vaults:2 | Found Seastean's Jewellery Boutique.
 47648 | Vaults:2 | Received a gift from Trog
 48665 | Vaults:2 | Noticed a lich
 48715 | Vaults:2 | Killed a lich
 49527 | Vaults:2 | Received a gift from Trog
 49775 | Vaults:2 | Found a staircase to the Crypt.
 50846 | Vaults:3 | Reached skill level 22 in Dodging
 51089 | Vaults:3 | Found Kleas' Antique Weapon Boutique.
 52333 | Vaults:3 | HP: 5/141 [vault warden/battleaxe of freezing (4)]
 52834 | Vaults:3 | Reached XP level 20. HP: 148/148 MP: 19/19
 53828 | Vaults:3 | Found a staircase to the Hall of Blades.
 54106 | Vaults:3 | Received a gift from Trog
 54480 | Vaults:4 | Paralysed by a red wasp for 1 turns
 54826 | Vaults:4 | Reached skill level 23 in Dodging
 55569 | Vaults:4 | Received a gift from Trog
 55578 | Vaults:4 | Cast into the Abyss (deep elf sorcerer)
 55615 | Abyss:1  | Noticed an ancient lich
 55629 | Abyss:1  | Noticed a tentacled starspawn
 56093 | Abyss:2  | Got a shimmering shield
 56094 | Abyss:2  | Identified the +1 shield of Happiness {Stlth} (You acquired it on level 2 of the Abyss)
 56179 | Abyss:3  | Found a corrupted altar of Lugonu.
 56297 | Vaults:4 | Escaped the Abyss
 56325 | Vaults:4 | Reached skill level 1 in Shields
 57429 | Swamp:1  | Entered Level 1 of the Swamp
 57552 | Swamp:1  | Found a shadowy altar of Dithmenos.
 57940 | Swamp:1  | Reached XP level 21. HP: 153/153 MP: 20/20
 58283 | Swamp:2  | Noticed Snorg
 58302 | Swamp:2  | Killed Snorg
 58746 | Swamp:2  | Received a gift from Trog
 60504 | Swamp:4  | Received a gift from Trog
 60504 | Swamp:4  | Reached skill level 24 in Dodging
 60737 | Swamp:4  | Identified a +2 cloak of preservation (You acquired it on level 4 of the Swamp)
 60829 | Swamp:5  | Entered Level 5 of the Swamp
 61442 | Swamp:5  | Noticed Bloax's ghost (powerful TeTm)
 61477 | Swamp:5  | Killed Bloax's ghost
 63574 | Swamp:5  | Got a decaying rune of Zot
 64390 | Depths:1 | Entered Level 1 of the Depths
 64565 | Depths:1 | Received a gift from Trog
 65055 | Depths:1 | Reached XP level 22. HP: 160/160 MP: 20/20
 65252 | Depths:1 | Paralysed by a great orb of eyes for 5 turns
 65787 | Depths:1 | Found a portal to a secret trove of treasure.
 66127 | D:14     | Bought a book of Annihilations for 1435 gold pieces
 66311 | Trove    | Entered a treasure trove
 67332 | Depths:2 | Received a gift from Trog
 67355 | Depths:2 | Found a gateway to Hell.
 68073 | Depths:2 | Found a one-way gate leading to the halls of Pandemonium.
 70305 | Depths:2 | Reached skill level 25 in Stealth
 70495 | Depths:2 | Noticed a golden dragon
 70513 | Depths:2 | Killed a golden dragon
 70536 | Depths:2 | Reached XP level 23. HP: 158/161 MP: 21/21
 70544 | Depths:2 | Received a gift from Trog
 72618 | Depths:3 | Noticed Sojobo
 74634 | Depths:3 | Killed Sojobo
 74785 | Depths:3 | Found a one-way gate to the infinite horrors of the Abyss.
 74833 | Depths:3 | Reached skill level 26 in Stealth
 74922 | Depths:3 | Found Ziobe's Weapon Shop.
 75014 | Depths:3 | Received a gift from Trog
 75799 | Depths:4 | Found Blusumn's Book Shop.
 76033 | Depths:4 | Reached XP level 24. HP: 85/171 MP: 21/21
 76582 | Depths:4 | Found Leamus' Distillery.
 76586 | Depths:4 | Bought a potion of heal wounds for 45 gold pieces
 76586 | Depths:4 | Bought 2 potions of heal wounds for 90 gold pieces
 76586 | Depths:4 | Bought a potion of heal wounds for 45 gold pieces
 76742 | Depths:4 | Paralysed by a giant eyeball for 2 turns
 78129 | Depths:5 | Entered Level 5 of the Depths
 78224 | Depths:5 | Noticed an ancient lich
 78878 | Depths:4 | Voluntarily entered the Abyss.
 79187 | Abyss:3  | Found a shimmering altar of Xom.
 79187 | Abyss:3  | Found a shimmering altar of Xom.
 79188 | Abyss:3  | Gained mutation: You occasionally shout uncontrollably. [a neqoxec]
 79189 | Abyss:3  | Found a shimmering altar of Xom.
 79356 | Depths:4 | Escaped the Abyss
 79675 | Vaults:1 | Lost mutation: You occasionally shout uncontrollably. [potion of cure mutation]
 79831 | Elf:1    | Entered Level 1 of the Elven Halls
 80172 | Elf:1    | Received a gift from Trog
 81099 | Elf:1    | Received a gift from Trog
 81526 | Elf:2    | Found Choiron's Jewellery Shop.
 81550 | Elf:2    | Bought the amulet "Nuixzir" {Ward rElec rF++ rN+ SInv} for 988 gold pieces
 81550 | Elf:2    | Bought the ring of the Echidna {Wiz +Rage rElec rN+ Str+2 Acc+3} for 1119 gold pieces
 81678 | Elf:2    | Noticed Donald
 81884 | Elf:2    | Killed Donald
 82082 | Elf:2    | Noticed Azrael
 82102 | Elf:2    | Killed Azrael
 82134 | Elf:2    | Got a dazzling cloak
 82138 | Elf:2    | Identified the +0 cloak of the Beginning {rF++ Str+3} (You acquired it on level 2 of the Elven Halls)
 82634 | Elf:3    | Entered Level 3 of the Elven Halls
 82641 | Elf:3    | Noticed Wiglaf
 82683 | Elf:3    | Received a gift from Trog
 82711 | Elf:3    | Reached skill level 27 in Stealth
 82814 | Elf:3    | Killed Wiglaf
 82863 | Elf:3    | Got an encrusted shield
 82870 | Elf:3    | Identified the cursed +0 shield "Ehoxilue" {Int+1 Dam+5} (You took it off Wiglaf on level 3 of the Elven Halls)
 82889 | Elf:3    | Noticed xvga's ghost (mighty FoFi)
 83079 | Elf:3    | Killed xvga's ghost
 83420 | Elf:3    | Found a deep blue altar of Sif Muna.
 83478 | Elf:3    | Reached XP level 25. HP: 181/181 MP: 22/22
 83536 | Elf:3    | Got a crude bone amulet
 84080 | Elf:3    | Reached skill level 5 in Shields
 84572 | Elf:3    | Identified the amulet of the Illusory Ghosts {Ward Str-4 Dex-5} (You took it off a vampire mage on level 3 of the Elven Halls)
 84778 | Elf:3    | Received a gift from Trog
 85049 | Elf:3    | Got a scintillating brass ring
 85125 | Elf:3    | Got a vibrating ruby amulet
 85181 | Elf:3    | Got a brightly glowing glass ring
 85425 | Elf:3    | Got a pair of transparent gloves
 85426 | Elf:3    | Identified the cursed -1 pair of gloves "Ciusche" {rPois MR++ Acc+2 Dam+5 Stlth++} (You found it on level 3 of the Elven Halls)
 85475 | Elf:3    | Identified the ring "Utiopop" {rC+ Dex+2} (You took it off a deep elf annihilator on level 3 of the Elven Halls)
 85475 | Elf:3    | Identified the amulet of the Empire {Gourm +Rage Int+3 Stlth++} (You took it off a deep elf master archer on level 3 of the Elven Halls)
 85475 | Elf:3    | Identified the ring of Gemuniry {rF+ Dex+5 Dam-3} (You took it off a deep elf annihilator on level 3 of the Elven Halls)
 85842 | Orc:4    | Bought a scroll of recharging for 123 gold pieces
 85845 | Orc:4    | Bought a scroll of brand weapon for 280 gold pieces
 85845 | Orc:4    | Bought a scroll of blinking for 105 gold pieces
 85845 | Orc:4    | Bought a scroll of teleportation for 42 gold pieces
 85845 | Orc:4    | Bought a scroll of teleportation for 42 gold pieces
 86087 | Crypt:1  | Entered Level 1 of the Crypt
 86190 | Crypt:1  | Received a gift from Trog
 86593 | Crypt:1  | Got a pair of slimy boots
 86594 | Crypt:1  | Identified the +0 pair of boots "Pluri" {rElec} (You acquired it on level 1 of the Crypt)
 87381 | Crypt:2  | Found a staircase to the Tomb.
 88271 | Crypt:3  | Reached skill level 10 in Shields
 88452 | Crypt:3  | Reached XP level 26. HP: 191/191 MP: 22/22
 90180 | Crypt:4  | Noticed Saint Roka
 90221 | Crypt:4  | Killed Saint Roka
 90766 | Crypt:5  | Entered Level 5 of the Crypt
 91113 | Crypt:5  | Got an ancient scimitar
 91114 | Crypt:5  | Identified the +5,+6 scimitar of World Downfall {flame, rF+} (You found it on level 5 of the Crypt)
 91291 | Crypt:5  | Found a basalt altar of Yredelemnul.
 92449 | Crypt:5  | Noticed Jory
 92475 | Crypt:5  | Killed Jory
 92543 | Crypt:5  | Received a gift from Trog
 92661 | Crypt:5  | Reached XP level 27. HP: 141/199 MP: 23/23
 94078 | Lair:7   | Found a staircase to the Slime Pits.
 94090 | Slime:1  | Entered Level 1 of the Pits of Slime
 94502 | Slime:6  | Entered Level 6 of the Pits of Slime
 94908 | Slime:6  | Found a viscous altar of Jiyva.
 94908 | Slime:6  | Noticed the royal jelly
 94914 | Slime:6  | Paralysed by a giant eyeball for 2 turns
 94962 | Slime:6  | Paralysed by a giant eyeball for 4 turns
 94964 | Slime:6  | HP: 7/201 [the royal jelly (33)]
 94964 | Slime:6  | Demolished by the royal jelly

Action                   |  1- 3 |  4- 6 |  7- 9 | 10-12 | 13-15 | 16-18 | 19-21 | 22-24 | 25-27 || total
-------------------------+-------+-------+-------+-------+-------+-------+-------+-------+-------++-------
Melee: Short sword       |   112 |   287 |   403 |       |       |       |       |       |       ||   802
       Cutlass           |       |       |   389 |     1 |       |       |       |       |       ||   390
       Quick blade       |       |       |   120 |  1233 |  3426 |  3960 |  5442 |  4769 |  2278 || 21228
Invok: Berserk           |     3 |     5 |     9 |    10 |    16 |     6 |    11 |    22 |     1 ||    83
       Trog's Hand       |       |     1 |     1 |       |     9 |     6 |     3 |     6 |     1 ||    27
       Brothers in Arms  |       |       |       |     1 |     7 |    14 |    19 |    12 |     6 ||    59
       Burn Spellbooks   |       |       |       |       |     1 |       |     4 |       |     6 ||    11
Evoke: Wand              |       |       |     2 |     4 |     8 |     9 |     1 |     6 |     2 ||    32
  Use: Scroll            |       |       |     4 |    31 |    22 |    14 |    15 |    19 |    22 ||   127
       Potion            |       |       |       |     2 |     4 |     4 |     6 |    12 |     3 ||    31
 Stab: Sleeping          |     1 |       |     2 |    51 |    75 |    50 |    75 |    61 |   105 ||   420
       Distracted        |       |       |       |       |    13 |    14 |    17 |    20 |    12 ||    76
       Held in net/web   |       |       |       |       |       |       |       |       |     1 ||     1
